 Dungeon Crawl Stone Soup version 0.26-a0-682-g294304f6e8 (webtiles) character file.

Game seed: 14946051875367321929

51 PentaManta the Bolt Thrower (level 3, -3/30 HPs)
             Began as a Minotaur Hunter on Oct 20, 2020.
             Killed from afar by Natasha (8 damage)
             ... with a magic dart
             ... on level 2 of the Dungeon.
             The game lasted 00:02:51 (1157 turns).

PentaManta the Bolt Thrower (Minotaur Hunter)       Turns: 1157, Time: 00:02:52

Health: -3/30      AC:  5    Str: 17    XL:     3   Next: 57%
Magic:  2/2        EV: 10    Int:  8    God:
Gold:   140        SH:  0    Dex: 10    Spells: 2/2 levels left

rFire    . . .     SeeInvis .   g - +1 hand axe (vorpal)
rCold    . . .     Faith    .   (no shield)
rNeg     . . .     Spirit   .   m - -1 scale mail (curse)
rPois    .         Reflect  .   (helmet restricted)
rElec    .         Harm     .   (no cloak)
rCorr    .         Rampage  .   (no gloves)
MR       .....                  (no boots)
Stlth    ..........             (no amulet)
HPRegen  0.10/turn              (no ring)
MPRegen  0.08/turn              (no ring)

@: slowed, very slow
A: retaliatory headbutt, horns 2
a: no special abilities


You were on level 2 of the Dungeon.
You visited 1 branch of the dungeon, and saw 2 of its levels.

You collected 140 gold pieces.

Inventory:

Hand Weapons
 a - a +1 hand crossbow
 b - a +0 short sword
 g - a +1 vorpal hand axe (weapon)
Missiles
 d - 30 bolts
 k - 3 curare-tipped darts (quivered)
Armour
 e - a +0 ring mail
 m - a cursed -1 scale mail (worn)
Jewellery
 h - a +4 ring of slaying {unknown}
 j - a +4 ring of evasion {unknown}
Potions
 c - a potion of cancellation {unknown}
 f - a potion of brilliance {unknown}


   Skills:
 - Level 2.4 Fighting
 + Level 5.9 Crossbows
 - Level 2.1 Dodging
 - Level 0.7 Stealth


You had 2 spell levels left.
You didn't know any spells.
Your spell library was empty.

Dungeon Overview and Level Annotations

Branches:
Dungeon (2/15)

Altars:

Annotations:
D:2 Natasha


Innate Abilities, Weirdness & Mutations

You reflexively headbutt those who attack you in melee.
You have a pair of horns on your head.


Message History

Natasha is almost dead.
Natasha howls an incantation.
You feel disoriented.
Natasha casts a spell.
Natasha mumbles some strange words.
Natasha casts a spell.
Quiver which item? (- for none, * to show all) (? for menu, Esc to quit)
Okay, then.
Okay, then.
The iron imp grinds its teeth.
The iron imp disappears in a puff of smoke!
Natasha hisses.
Natasha stares at you and mumbles some strange words.
You feel yourself slow down. Natasha casts a spell at you.
You resist with significant effort.
Natasha casts a spell.
There is a stone staircase leading up here.
Natasha casts a spell at you. The magic dart hits you!
You die...

.#.#..#.......##.†......#
*,***
.#........###.##.##.##### *,*
......#.............# *,*
.#.#.####.###....#### *,*
.#.#.# #.# ####.# *,*
.#.#.###### #.#########**,*
.#......########..........,,,*
............5....#########****
####.###....h...@.......,* #.#
#################** ###


You could see an iron imp (summoned) and Natasha.

Vanquished Creatures
  Natasha (D:2)
  A dart slug (D:1)
  A leopard gecko (D:1)
  2 bats (D:1)
  A giant cockroach (D:1)
  2 goblins (D:1)
  6 hobgoblins
  A quokka (D:2)
  A frilled lizard (D:1)
  3 kobolds (D:1)
  3 rats (D:1)
22 creatures vanquished.

Notes
Turn   | Place    | Note
-------+----------+-------------------------------------------
     0 | D:1      | PentaManta the Minotaur Hunter began the quest for the Orb.
     0 | D:1      | Reached XP level 1. HP: 18/18 MP: 0/0
   423 | D:1      | Reached XP level 2. HP: 24/25 MP: 1/1
   429 | D:1      | Reached skill level 5 in Crossbows
   999 | D:2      | Noticed Natasha
  1000 | D:2      | Noticed a crimson imp
  1003 | D:2      | Noticed a crimson imp
  1009 | D:2      | Killed Natasha
  1009 | D:2      | Reached XP level 3. HP: 28/30 MP: 2/2
  1118 | D:2      | Noticed Natasha
  1157 | D:2      | Killed from afar by Natasha

Illustrated notes

Levels and vault maps discovered:
D:1:      minmay_arrival_cross, layout_basic
D:2:      layout_basic, serial_glass, glass_columns_a, glass_columns_a,
          uniq_natasha

Skill      XL: |  1  2 |
---------------+-------+-----
Crossbows      | 5 |  5.9
Fighting       | |  2.4
Dodging        | |  2.1
Stealth        | |  0.7

Action                   || total
-------------------------++-------
Melee: Hand axe          ||    55
       Headbutt          ||     6
 Fire: Hand crossbow     ||    10
  Use: Scroll            ||     6
Armor: Ring mail         ||     9
       Scale mail        ||    10
Dodge: Dodged            ||    34

Table legend: (Time is in decaauts)
 A = Elapsed time spent in this place.
 B = Non-inter-level travel time spent in this place.
 C = Inter-level travel time spent in this place.
 D = Time resting spent in this place.
 E = Time spent auto-exploring this place.
 F = Levels seen in this place.
 G = Mean time per level.
                   A        B        C        D        E       F      G
               +--------+--------+--------+--------+--------+-----+--------+
         Total |   1181 |   1164 |     17 |      0 |    894 |   2 |  590.5 |
       Dungeon |   1181 |   1164 |     17 |      0 |    894 |   2 |  590.5 |
               +--------+--------+--------+--------+--------+-----+--------+

Top non-repeatable levels by time:
     D:1: 984 daAuts
     D:2: 196 daAuts
